 Dungeon Crawl Stone Soup version 0.20.0-15-g7f486f2 (webtiles) character file.

55 robba the Ruffian (level 3, -1/36 HPs)
             Began as a Troll Berserker on June 29, 2017.
             Was a Believer of Trog.
             Killed by divine providence
             ... invoked by an orc priest
              (11 damage)
             ... on level 3 of the Dungeon.
             The game lasted 00:10:33 (1474 turns).

robba the Ruffian (Troll Berserker)                 Turns: 1474, Time: 00:10:34

Health: -1/36      AC: 11    Str: 30    XL:     3   Next: 67%
Magic:  2/2        EV: 10    Int:  4    God:    Trog [**....]
Gold:   37         SH:  0    Dex:  9    Spells: 2/2 levels left

rFire    . . .     SeeInvis .     - Unarmed
rCold    . . .     Gourm    +   (no shield)
rNeg     . . .     Faith    .   a - +0 animal skin
rPois    .         Spirit   .   (helmet restricted)
rElec    .         Reflect  .   t - +0 cloak
rCorr    .         Harm     .   (gloves unavailable)
MR       ++...                  (boots unavailable)
Stlth    +.........             (no amulet)
Regen    1.6/turn               i - +6 ring of slaying
MPRegen  0.1/turn               r - +5 ring of protection

@: mighty, regenerating, hasted, very quick
A: unfitting armour, claws 3, fast metabolism 3, gourmand, regeneration 1,
shaggy fur 1, tough skin 2
a: Berserk, Trog's Hand, Burn Spellbooks, Renounce Religion


You were on level 3 of the Dungeon.
You worshipped Trog.
Trog was pleased with you.
You were full.

You visited 1 branch of the dungeon, and saw 3 of its levels.

You collected 37 gold pieces.

Inventory:

Missiles
 h - 43 stones
 u - 9 poisoned needles (quivered)
Armour
 a - a +0 animal skin (worn)
 t - a +0 cloak (worn)
Jewellery
 i - a +6 ring of slaying (left claw)
 q - an uncursed ring of protection from cold
 r - a +5 ring of protection (right claw)
Wands
 w - a wand of flame (21/48)
Scrolls
 d - a scroll of blinking {unknown}
 e - a scroll of remove curse {unknown}
 f - a scroll of immolation {unknown}
 j - 2 scrolls of identify {unknown}
 l - a scroll of amnesia {unknown}
 o - a scroll of noise {unknown}
 p - a scroll of magic mapping {unknown}
 v - a scroll of recharging {unknown}
Comestibles
 b - 4 bread rations
 g - 7 fruits
 n - 2 royal jellies
 s - 4 meat rations


   Skills:
 + Level 2.7 Fighting
 + Level 3.0 Dodging
 + Level 3.8 Unarmed Combat


You had 2 spell levels left.
You didn't know any spells.

Dungeon Overview and Level Annotations

Branches:
Dungeon (3/15)

Altars:
Trog


Innate Abilities, Weirdness & Mutations

You are too large for most types of armour.
You have claws for hands.
Your metabolism is lightning-fast.
You like to eat raw meat.
Your natural rate of healing is unusually fast.
You are covered in fur. (AC +1)
You have very tough skin. (AC +2)


Message History

Why would you want to do that?
The orc priest mumbles some strange prayers to Beogh against you.
You barely resist.
There is an open door here.
Your skin crawls.
You feel resistant to hostile enchantments.
You feel quite a bit less full.
There is an open door here.
The orc priest mumbles some strange prayers to Beogh against you.
Beogh smites you!
* * * LOW HITPOINT WARNING * * *
The dart slug launches a dart at you. The slug dart misses you.
You enter the shallow water.
Moving in this stuff is going to be slow.
The shadow imp shouts, "Quit, thou odious guts-griping foot-licker!"
You open the door.
The orc priest mumbles some strange prayers to Beogh against you.
Beogh smites you!
You die...

..... #.###÷########(
#.##.#########.# #.#
...............###.####
......................#
#.#.#.###############.# #
#.#.#8P#.o.5.w.# #.#
#...#P.#≈≈≈≈≈≈≈# P#.##
#...#..#..≈≈≈..#..#..##
#..©#..'..≈♣≈.@')©#...###.#
##..#..#).PP≈..#..#.......#
##.#P.#≈≈≈≈≈≈≈# P#.#####.#
#.#8P#.....5.# #.#
#.###############.#
#.................#
###.........#######
#########.# #.#


You could see an orc priest, 2 shadow imps and a dart slug.

Vanquished Creatures
  2 adders
  A dart slug (D:1)
  An orc (D:3)
  6 bats
  2 giant cockroaches (D:1)
  6 hobgoblins
  3 kobolds (D:1)
  A quokka (D:2)
  A ball python (D:1)
  2 frilled lizards
  4 goblins
  5 rats
34 creatures vanquished.

Notes
Turn   | Place    | Note
-------+----------+-------------------------------------------
     0 | D:1      | robba the Troll Berserker began the quest for the Orb.
     0 | D:1      | Reached XP level 1. HP: 22/22 MP: 0/0
   125 | D:1      | Reached XP level 2. HP: 29/29 MP: 1/1
   708 | D:2      | Reached ** piety under Trog
   875 | D:2      | Reached XP level 3. HP: 33/36 MP: 2/2
   969 | D:2      | Found a bloodstained altar of Trog.
  1355 | D:3      | Found a transporter.
  1474 | D:3      | Found a transporter.
  1474 | D:3      | Killed from afar by an orc priest

Skill      XL: |  1  2  3 |
---------------+----------+-----
Dodging        | 3 |  3.0
Fighting       | |  2.7
Unarmed Combat | |  3.8

Action                   || total
-------------------------++-------
Melee: Unarmed           ||    97
       Punch             ||     2
Invok: Trog's Hand       ||     1
  Use: Potion            ||     3
 Stab: Sleeping          ||     1
  Eat: Chunk             ||    15
Armor: Animal skin       ||    47
Dodge: Dodged            ||    43
